 Dungeon Crawl Stone Soup version 0.29-a0-284-gf9362112df (webtiles) character file.

Game seed: 7994950620963012897

1191 horus123 the Skirmisher (level 8, -1/71 HPs)
             Began as a Red Draconian Conjurer on Mar 19, 2022.
             Slain by a six-headed hydra (7 damage)
             ... on level 6 of the Dungeon.
             The game lasted 00:09:30 (6750 turns).

horus123 the Skirmisher (Red Draconian Conjurer)    Turns: 6750, Time: 00:09:31

Health: -1/71      AC:  7    Str:  9    XL:     8   Next: 20%
Magic:  10/14      EV: 12    Int: 28    God:
Gold:   220        SH:  0    Dex:  9    Spells: 8/15 levels left

rFire   + + +      SeeInvis .   s - +12 mace of Unpleasantness {protect, rF+ rC+}
rCold   + + .      Faith    .   (no shield)
rNeg    . . .      Spirit   .   (body armour unavailable)
rPois   .          Reflect  .   (helmet restricted)
rElec   .          Harm     .   v - scarf {rC+ rF+}
rCorr   .          Rampage  .   (no gloves)
Will    .....                   f - +0 pair of boots
Stlth   ++........              (no amulet)
HPRegen 0.21/turn               u - ring of flight
MPRegen 0.14/turn               d - +6 ring of intelligence

@: short of breath, flying
A: breathe fire, AC +6, unfitting armour, fire resistance 1, cold-blooded
a: Breathe Fire


You were on level 6 of the Dungeon.
You visited 1 branch of the dungeon, and saw 6 of its levels.

You collected 220 gold pieces.

Inventory:

Hand Weapons
 s - the +12 mace of Unpleasantness (weapon) {protect, rF+ rC+}
   (You found it on level 3 of the Dungeon)

   It grants its wielder temporary protection when it strikes (+7 to AC).
   rF:        It protects you from fire.
   rC:        It protects you from cold.
Armour
 f - a +0 pair of boots (worn)
 o - a +1 cloak of poison resistance
 v - a scarf of resistance (worn)
Jewellery
 c - a ring of poison resistance
 d - a +6 ring of intelligence (right hand)
 u - a ring of flight (left hand)
Wands
 x - a wand of flame (13)
Scrolls
 e - 3 scrolls of immolation
 g - 2 scrolls of blinking {unknown}
 i - 3 scrolls of teleportation {unknown}
 m - 4 scrolls of enchant armour {unknown}
 n - 6 scrolls of identify {unknown}
 q - a scroll of amnesia {unknown}
 w - a scroll of vulnerability {unknown}
Potions
 a - a potion of magic
 b - a potion of cancellation {unknown}
 h - 3 potions of degeneration {unknown}
 j - a potion of mutation {unknown}
 k - 4 potions of curing {unknown}
 l - a potion of haste {unknown}
 p - a potion of invisibility {unknown}
 r - 2 potions of heal wounds {unknown}
 t - a potion of resistance {unknown}
 z - a potion of flight {unknown}


   Skills:
 - Level 6.5 Fighting
 - Level 3.2 Maces & Flails
 - Level 1.7 Dodging
 - Level 1.7 Stealth
 - Level 4.1 Spellcasting
 - Level 5.5 Conjurations
 + Level 3.5 Translocations


You had 8 spell levels left.
You knew the following spells:

 Your Spells              Type           Power      Damage    Failure   Level
a - Magic Dart            Conj           100%       1d8       1%          1
b - Searing Ray           Conj           72%        2d7       1%          2
c - Iskenderun's Mystic   Conj/Tloc      31%        2d8       12%         4

Your spell library contained the following spells:

 Spells                   Type           Power      Damage    Failure   Level
 Dazzling Flash           Conj/Hex       42%        N/A       7%          3
 Corpse Rot               Necr/Air       10%        N/A       11%         2
 Fulminant Prism          Conj/Hex       10%        3d9       24%         4
 Dispel Undead            Necr           5%         3d7       58%         4
 Death Channel            Necr           2%         N/A       100%        6


Dungeon Overview and Level Annotations

Branches:
Dungeon (6/15)
 Temple: D:4-7

Altars:
Elyvilon

Shops:
D:4 :


Innate Abilities, Weirdness & Mutations

You can breathe blasts of fire.
Your fiery red scales are hard. (AC +6)
You cannot fit into any form of body armour.
Your flesh is heat resistant. (rF+)
You are cold-blooded and may be slowed by cold attacks.


Message History

You kill Prince Ribbit!
Your Translocations skill gained 2 levels and is now at level 3!
You have reached level 8!
You feel clever.
You start resting.
You have got your breath back.
You start resting.
A six-headed hydra comes into view.
Aiming: Breathe Fire (4% risk of failure)
Press: ? - help, Shift-Dir - straight line, f - you
Okay, then.
There are no items here.
The six-headed hydra roars!
Aiming: Breathe Fire (4% risk of failure)
Press: ? - help, Shift-Dir - straight line, f - six-headed hydra
Aim: a six-headed hydra (89% to hit)
You breathe a blast of fire.
The fiery breath hits the six-headed hydra!
The six-headed hydra is lightly wounded.
The six-headed hydra is engulfed in blazing flames.
Found a trident.
The six-headed hydra bites you. The six-headed hydra bites you!
The six-headed hydra barely misses you.
The six-headed hydra bites you but does no damage.
The six-headed hydra bites you! x2
Casting: Searing Ray (safe; 1% risk of failure)
Confirm with . or Enter, or press ? or * to list all spells.
You erupt in a blast of force!
The mystic blast hits the six-headed hydra!
The six-headed hydra is heavily wounded.
The six-headed hydra bites you!
* * * LOW HITPOINT WARNING * * *
The six-headed hydra bites you but does no damage.
The six-headed hydra bites you.
* * * LOW HITPOINT WARNING * * *
The six-headed hydra bites you!
* * * LOW HITPOINT WARNING * * *
The six-headed hydra closely misses you.
The six-headed hydra bites you!
You die...

... ♣ ♣..#+ ######
#.....# .. .... .....#
#.....#+# #. ... ....#
#........ ..#.. ....#
#........ ...
#..####........
#.###..............
.##.@......# #.......
......D..#..### #.......
....§..?....#####.###...
#....#..........)...<...
#)........≈≈≈≈###≈≈≈≈.#.
#......##.≈##≈≈##≈##≈≈#
...≈≈≈≈ #.≈≈##≈≈≈≈≈##≈≈≈
#..≈##≈≈≈≈≈≈≈ ###### ###
#≈####


You could see a six-headed hydra.

Vanquished Creatures
  Prince Ribbit (D:6)
  A water moccasin (D:5)
  A phantom (D:5)
  A necrophage (D:5)
  A gnoll sergeant (D:5)
  A scorpion (D:5)
  4 wights (D:5)
  An iguana (D:4)
  5 orc wizards
  8 gnolls (D:5)
  8 adders
  2 white imps (D:5)
  An ufetubus (D:5)
  3 worms
  6 orcs
  13 endoplasms
  5 giant cockroaches
  12 goblins
  5 hobgoblins
  2 jackals (D:4)
  7 kobolds
  7 quokkas
  3 ball pythons
  8 bats
  A frilled lizard (D:1)
  3 rats
110 creatures vanquished.

Vanquished Creatures (others)
  A plant (D:6)
1 creature vanquished.

Grand Total: 111 creatures vanquished

Notes
Turn   | Place    | Note
-------+----------+-------------------------------------------
     0 | D:1      | horus123 the Draconian Conjurer began the quest for the
                  | Orb.
     0 | D:1      | Reached XP level 1. HP: 14/14 MP: 3/3
     5 | D:1      | Noticed a merfolk
    15 | D:1      | Noticed a naga
    15 | D:1      | Noticed a minotaur skeleton
    15 | D:1      | Noticed a felid
    17 | D:1      | Noticed a troll
    19 | D:1      | Noticed a formicid
    21 | D:1      | Noticed a formicid
   204 | D:1      | Found a faded altar of an unknown god.
   765 | D:1      | Reached XP level 2. HP: 16/20 MP: 5/5
   768 | D:1      | Learned a level 2 spell: Searing Ray
  2337 | D:2      | Reached XP level 3. HP: 26/26 MP: 7/7
  3503 | D:3      | Reached XP level 4. HP: 33/33 MP: 6/10
  4011 | D:3      | Identified the +12 mace of Unpleasantness {protect, rF+
                  | rC+}
  4053 | D:3      | Reached XP level 5. HP: 25/38 MP: 11/11
  4058 | D:3      | Reached skill level 5 in Conjurations
  4133 | D:3      | Learned a level 4 spell: Iskenderun's Mystic Blast
  4425 | D:4      | Found Ubokimot's Book Shop.
  4556 | D:4      | Reached skill level 1 in Fighting
  4603 | D:4      | Reached skill level 2 in Fighting
  5205 | D:5      | Entered Level 5 of the Dungeon
  5208 | D:5      | Noticed a water moccasin
  5216 | D:5      | Killed a water moccasin
  5217 | D:5      | Reached skill level 3 in Fighting
  5217 | D:5      | Reached XP level 6. HP: 38/51 MP: 12/12
  5221 | D:5      | Reached skill level 4 in Fighting
  5224 | D:5      | Reached skill level 5 in Fighting
  5596 | D:5      | Your scales start taking on a fiery red colour.
  5596 | D:5      | Reached XP level 7. HP: 54/60 MP: 13/13
  5596 | D:5      | Gained mutation: Your flesh is heat resistant. (rF+) [Red
                  | Draconian growth]
  5648 | D:5      | Reached skill level 6 in Fighting
  6082 | D:5      | Reached skill level 1 in Maces & Flails
  6411 | D:5      | Found a white marble altar of Elyvilon.
  6670 | D:6      | Reached skill level 1 in Translocations
  6688 | D:6      | Noticed Prince Ribbit
  6698 | D:6      | Killed Prince Ribbit
  6699 | D:6      | Reached XP level 8. HP: 50/71 MP: 14/14
  6745 | D:6      | Noticed a six-headed hydra
  6750 | D:6      | Slain by a six-headed hydra

Illustrated notes

Levels and vault maps discovered:
D:1:      shiori_arrival_whats_in_store_for_you, layout_loops_corners,
          hellmonk_ecumenical_altar_lost_god, nicolae_figureground_pulse
D:2:      layout_loops_corners
D:3:      layout_loops_ring
D:4:      layout_basic, serial_shops, shop
D:5:      layout_loops_ring, elyvilon_altar_5, portal_sewer_entry_f,
          nicolae_ossuary_entry_ruins
D:6:      layout_basic, ashenzari_conservatory_becter,
          minmay_temple_entry_trees, ebering_ghost_inner_flame,
          serial_bayou_pond_a, minmay_manual_mullet, uniq_blork_the_orc,
          uniq_eustachio, uniq_pikel, uniq_crazy_yiuf_cottage,
          uniq_prince_ribbit1

Skill      XL: |  1  2  3  4  5  6  7 |
---------------+----------------------+-----
Spellcasting   | 3 4 |  4.1
Conjurations   | 5 |  5.5
Fighting       | 3 5 6 |  6.5
Maces & Flails | 3 |  3.2
Translocations | 3 |  3.5
Dodging        | |  1.7
Stealth        | |  1.7

Action                   |  1- 3 |  4- 6 |  7- 9 || total
-------------------------+-------+-------+-------++-------
Melee: Great sword       |    51 |       |       ||    51
       Tailslap          |     4 |     5 |     4 ||    13
       Mace              |       |    72 |    55 ||   127
 Cast: Magic Dart        |    62 |    18 |       ||    80
       Searing Ray       |     1 |     1 |     3 ||     5
       Iskenderun's Myst |       |       |     1 ||     1
 Abil: Breathe Fire      |       |       |     3 ||     3
  Use: Scroll            |       |     1 |       ||     1
 Stab: Sleeping          |     2 |     1 |     1 ||     4
       Distracted        |       |     1 |       ||     1
Armor: Skin              |    30 |    28 |    32 ||    90
Dodge: Dodged            |    54 |    62 |    52 ||   168

Table legend: (Time is in decaauts)
 A = Elapsed time spent in this place.
 B = Non-inter-level travel time spent in this place.
 C = Inter-level travel time spent in this place.
 D = Time resting spent in this place.
 E = Time spent auto-exploring this place.
 F = Levels seen in this place.
 G = Mean time per level.
                   A        B        C        D        E       F      G
               +--------+--------+--------+--------+--------+-----+--------+
         Total |   6828 |   6731 |     97 |   1771 |   4095 |   6 | 1138.0 |
       Dungeon |   6828 |   6731 |     97 |   1771 |   4095 |   6 | 1138.0 |
               +--------+--------+--------+--------+--------+-----+--------+

Top non-repeatable levels by time:
     D:1: 2100 daAuts
     D:2: 1263 daAuts
     D:4: 1173 daAuts
     D:5: 1103 daAuts
     D:3: 1084 daAuts
     D:6: 102 daAuts
